AoeStats
← ArtTroy2751

Arena

510433087Analyzed
1v1 RM · 1d ago on Oct 1, 2026· 35m 6s· 2 players
Game mode
Random Map
Map size
Tiny (2 player)
Population
200
Speed
Normal
Resources
Standard
Victory
Conquest
Starting age
Dark Age
Ending age
Imperial Age
RankedLock teamsTeams togetherTeam positionsShared explorationLock speedFull tech treeHidden civsTurbo modeCheats
Victory
Defeat
🇲🇽 Turks · Mexico
1240
+17
🇺🇸 Britons · United States
1268
-17
ArtTroy2751
11:23 Feudal Age
12:38 Double-Bit Axe
15:22 Castle Age
13:17 Horse Collar
24:01 Imperial Age
21:16 Loom
22:01 Gold Mining
22:22 Bow Saw
22:49 Padded Archer Armor
24:03 Leather Archer Armor
Dirty Dave
10:24 Feudal Age
13:57 Castle Age
12:09 Double-Bit Axe
12:40 Horse Collar
14:57 Bow Saw
16:06 Loom
20:39 Heavy Plow
21:18 Stone Mining
21:20 Gold Mining
24:25 Wheelbarrow
25:38 Fletching
28:59 Imperial Age
25:54 Elite Skirmisher
26:58 Bodkin Arrow
27:43 Padded Archer Armor
28:07 Ballistics
28:47 Leather Archer Armor
29:42 Bracer
31:01 Chemistry
32:00 Ring Archer Armor
31:40 Onager
34:16 Conscription
Connection lost

Rejoining the realm…

Still unreachable

The connection could not be restored.

Session expired

The server has moved on; the page needs a fresh start.